AoeStats
← korosuke

Arabia

509378923Analyzed
4v4 RM · 7d ago on Sep 26, 2026· 67m 3s· 8 players
Game mode
Random Map
Map size
Large (8 player)
Population
200
Speed
Normal
Resources
Standard
Victory
Conquest
Starting age
Dark Age
Ending age
Imperial Age
RankedLock teamsTeams togetherTeam positionsShared explorationLock speedFull tech treeHidden civsTurbo modeCheats
Victory
Defeat
🇵🇪 Goths · Peru
1047
+14
🇵🇪 Bohemians · Peru
951
+18
🇯🇵 Burgundians · Japan
918
+20
🇯🇵 Ethiopians · Japan
916
+19
🇨🇳 Franks · China
1011
-18
🇹🇷 Jurchens · Türkiye
1011
-18
🇨🇳 Muisca · China
1008
-18
🇨🇳 Danes · China
988
-17
我血你
14:25 Feudal Age
19:00 Castle Age
17:18 Double-Bit Axe
19:09 Stone Mining
19:52 Bow Saw
21:38 Scale Barding Armor
22:12 Wheelbarrow
25:40 Hand Cart
27:53 Loom
28:26 Husbandry
29:25 Gold Mining
30:45 Forging
32:14 Chain Barding Armor
32:30 Iron Casting
32:43 Gold Shaft Mining
35:59 Imperial Age
35:15 Fletching
36:32 Cavalier
38:47 Light Cavalry
40:15 Conscription
41:32 Paladin
44:08 Plate Barding Armor
50:59 Ballistics
50:41 Murder Holes
51:00 Masonry
59:01 Blast Furnace
squeezecheese21
12:56 Feudal Age
13:27 Town Watch
13:30 Double-Bit Axe
13:32 Horse Collar
16:39 Loom
21:35 Stone Mining
24:31 Castle Age
22:25 Gold Mining
22:43 Padded Archer Armor
23:13 Forging
22:55 Fletching
24:26 Gold Mining
24:54 Forging
24:51 Scale Barding Armor
26:14 Heavy Plow
42:21 Bow Saw
44:47 Wheelbarrow
45:23 Iron Casting
45:44 Bloodlines
45:34 Husbandry
47:22 Chain Barding Armor
47:39 Husbandry
48:08 Hand Cart
49:02 Leather Archer Armor
51:20 Bodkin Arrow
Pets_T饕
11:57 Feudal Age
14:32 Loom
15:59 Double-Bit Axe
19:48 Fletching
26:04 Castle Age
25:18 Wheelbarrow
25:36 Town Watch
25:40 Horse Collar
25:54 Gold Mining
25:55 Stone Mining
26:57 Crossbowman
29:03 Bodkin Arrow
32:19 Bow Saw
33:29 Thumb Ring
33:49 Heavy Plow
34:11 Hand Cart
34:00 Town Patrol
34:15 Elite Skirmisher
44:53 Gold Shaft Mining
45:07 Herbalism
46:03 Stone Shaft Mining
46:08 Ballistics
47:34 Masonry
51:22 Imperial Age
49:34 Fervor
49:46 Sanctity
53:30 Arbalester
57:33 Crop Rotation
58:06 Two-Man Saw
58:32 Bracer
58:33 Padded Archer Armor
59:23 Conscription
63:18 Siege Engineers
64:55 Forging
64:45 Scale Mail Armor
66:47 Iron Casting
hi
4:49 Loom
15:22 Feudal Age
15:55 Horse Collar
16:14 Double-Bit Axe
17:51 Town Watch
20:58 Castle Age
22:09 Gold Mining
23:29 Scale Mail Armor
24:19 Squires
24:37 Bow Saw
24:28 Heavy Plow
24:56 Forging
26:07 Stone Mining
29:28 Wheelbarrow
31:27 Imperial Age
30:09 Iron Casting
29:50 Chain Mail Armor
30:20 Masonry
31:55 Fletching
32:38 Ballistics
33:05 Plate Mail Armor
33:57 Hand Cart
37:14 Blast Furnace
36:40 Pikeman
38:20 Halberdier
38:46 Arson
38:23 Elite Varangian Guard
39:43 Bodkin Arrow
42:50 Gold Shaft Mining
42:50 Stone Shaft Mining
42:16 Murder Holes
44:08 Coinage
43:46 Bracer
43:52 Scale Barding Armor
43:47 Padded Archer Armor
45:29 Chemistry
44:14 Arrowslits
47:17 Stone Shaft Mining
47:51 Heavy Scorpion
51:07 Conscription
50:51 Hamask
52:32 Northmen's Fury
korosuke
7:34 Loom
10:11 Feudal Age
10:49 Double-Bit Axe
14:08 Fletching
21:07 Wheelbarrow
24:25 Castle Age
23:09 Padded Archer Armor
23:45 Scale Mail Armor
23:30 Horse Collar
24:27 Gold Mining
27:14 Crossbowman
28:18 Bodkin Arrow
31:14 Ballistics
35:39 Leather Archer Armor
35:40 Chain Mail Armor
38:57 Bow Saw
39:52 Heavy Plow
42:43 Imperial Age
41:29 Forging
41:59 Squires
41:44 Arson
42:20 Murder Holes
42:49 Arbalester
43:35 Thumb Ring
44:35 Chemistry
44:30 Gold Shaft Mining
46:21 Stone Mining
46:33 Bracer
47:04 Ring Archer Armor
47:05 Plate Mail Armor
47:10 Town Watch
48:02 Royal Heirs
48:25 Fortified Wall
49:09 Plate Mail Armor
49:15 Iron Casting
52:47 Blast Furnace
53:14 Elite Shotel Warrior
54:24 Halberdier
56:16 Scale Barding Armor
57:20 Stone Shaft Mining
58:19 Capped Ram
59:34 Siege Ram
63:15 Torsion Engines
ukt
11:26 Feudal Age
9:44 Loom
13:21 Double-Bit Axe
13:19 Horse Collar
19:15 Castle Age
18:01 Padded Archer Armor
20:23 Bow Saw
21:10 Leather Archer Armor
22:22 Chemistry
33:49 Wheelbarrow
32:59 Town Watch
44:59 Fervor
47:40 Imperial Age
45:29 Hand Cart
49:51 Pikeman
50:32 Squires
50:21 Arson
50:54 Forging
50:44 Scale Mail Armor
52:20 Conscription
52:13 Halberdier
53:16 Chain Mail Armor
53:39 Iron Casting
54:46 Town Patrol
56:47 Plate Mail Armor
57:17 Blast Furnace
60:59 Two-Man Saw
60:13 Houfnice
DOY
6:51 Loom
11:12 Feudal Age
9:32 Double-Bit Axe
15:14 Scale Barding Armor
23:14 Castle Age
23:24 Wheelbarrow
22:34 Horse Collar
23:21 Forging
23:51 Bow Saw
23:50 Heavy Plow
23:19 Cavalier
24:29 Chain Barding Armor
30:01 Husbandry
36:26 Imperial Age
37:13 Paladin
38:34 Plate Barding Armor
38:36 Iron Casting
43:22 Blast Furnace
43:57 Burgundian Vineyards
46:00 Chemistry
48:12 Padded Archer Armor
48:03 Fletching
54:36 Leather Archer Armor
60:38 Caravan
wiroo99
0:27 Loom
11:33 Feudal Age
11:57 Horse Collar
11:44 Man-at-Arms
16:48 Double-Bit Axe
25:22 Castle Age
27:26 Bow Saw
28:29 Heavy Plow
29:50 Wheelbarrow
33:32 Pikeman
35:51 Forging
35:42 Scale Mail Armor
48:48 Hand Cart
49:32 Chain Mail Armor
49:52 Iron Casting
49:55 Anarchy
Connection lost

Rejoining the realm…

Still unreachable

The connection could not be restored.

Session expired

The server has moved on; the page needs a fresh start.